 Dungeon Crawl Stone Soup version 0.25.0-62-ga5774d7 (webtiles) character file.

37413660 Illumine the Conqueror (level 27, 245/245 HPs)
             Began as a Minotaur Fighter on July 1, 2020.
             Was the Champion of the Shining One.
             Escaped with the Orb
             ... and 15 runes on July 2, 2020!
             The game lasted 03:21:34 (39893 turns).

Illumine the Conqueror (Minotaur Fighter)          Turns: 39893, Time: 03:21:34

Health: 245/245    AC: 42    Str: 38    XL:     27
Magic:  42/42      EV: 24    Int: 16    God:    the Shining One [******]
Gold:   11532      SH: 35    Dex: 14    Spells: 62/80 levels left

rFire    + + +     SeeInvis +   c - +9 broad axe (holy)
rCold    + + +     Gourm    .   V - +6 large shield of Henotheism {rC+}
rNeg     + + +     Faith    .   E - +11 gold dragon scales
rPois    +         Spirit   .   (helmet restricted)
rElec    .         Reflect  .   P - scarf {rC+ rF+}
rCorr    +         Harm     .   U - +0 pair of gloves "Bepn" {MR++ Str+5 Int-5}
MR       +++++     Clarity  +   G - +0 pair of boots of Least Resistance {rPois rCorr Int+7}
Stlth    ..........             S - amulet of regeneration
HPRegen  0.90/turn              N - ring of Royalty {rPois rF+ Int+3 SInv Stlth-}
MPRegen  0.28/turn              F - ring "Jaysas" {+Blink rN+ MR+ Int+5}

@: glowing
A: retaliatory headbutt, claws 1, horns 2, clarity, frail 1, low mp 2, screaming
1, strong 2
0: Orb of Zot
}: 15/15 runes: decaying, serpentine, slimy, silver, golden, iron, obsidian,
icy, bone, abyssal, demonic, glowing, magical, fiery, dark
a: Divine Shield, Cleansing Flame, Summon Divine Warrior, Renounce Religion,
Evoke Blink


You escaped.
You worshipped the Shining One.
The Shining One was exalted by your worship.
You were not hungry.

You visited 16 branches of the dungeon, and saw 18 of its levels.
You visited Pandemonium 1 time, and saw 5 of its levels.
You visited the Abyss 4 times.

You collected 11825 gold pieces.
You spent 293 gold pieces at shops.

Inventory:

Hand Weapons
 a - the +8 mithril axe "Arga" {speed, MR+}
   (Okawaru gifted it to you in the Elven Halls)

   Attacks with this weapon are significantly faster.
   It affects your resistance to hostile enchantments.
 b - the +10 hunting sling of the Nine Ghosts {speed, Str+4}
   (You found it in the Tomb of the Ancients)

   Attacks with this weapon are significantly faster.
   It affects your strength (+4).
 c - a +9 broad axe of holy wrath (weapon)
 g - the +6 sword of Cerebov {flame}
   (You took it off Cerebov in Pandemonium)

   It has been specially enchanted to burn those struck by it, causing extra
   injury to most foes and up to half again as much damage against particularly
   susceptible opponents.
   Big, fiery blades are also staple armaments of hydra-hunters.
   The Shining One disapproves of the use of such an item.
 j - the +7 battleaxe of the Orcish Mines {holy, rPois Str-3 Stlth+}
   (Okawaru gifted it to you on level 4 of the Abyss)

   It has been blessed by the Shining One to cause great damage to the undead
   and demons.
   It affects your strength (-3).
   It protects you from poison.
   It makes you more stealthy.
 m - the +7 war axe "Etzuig" {protect, rF+ Dex+2}
   (Okawaru gifted it to you on level 2 of the Dungeon)

   It protects the one who uses it against injury (+AC on strike).
   It affects your dexterity (+2).
   It protects you from fire.
 o - the +8 longbow "Zephyr" {speed, Dex+3 SInv}
   (You found it in the Elven Halls)

   Attacks with this weapon are significantly faster.
   It affects your dexterity (+3).
   It lets you see invisible.
 w - the +3 lajatang "Ezaukkie" {flame, rF+ rC++ Int+2}
   (You found it in the Pits of Slime)

   It has been specially enchanted to burn those struck by it, causing extra
   injury to most foes and up to half again as much damage against particularly
   susceptible opponents.
   Big, fiery blades are also staple armaments of hydra-hunters.
   It affects your intelligence (+2).
   It protects you from fire.
   It greatly protects you from cold.
 x - the +11 broad axe of Past Mistakes {venom, +Blink rC+ Str+2}
   (You found it in the Vaults)

   It poisons the flesh of those it strikes.
   It affects your strength (+2).
   It protects you from cold.
   It lets you blink.
 y - the +7 sceptre of Asmodeus
   (You took it off Asmodeus in gehenna)

   The Shining One disapproves of the use of such an item.
 C - the +7 flail "Tocedghev" {protect, +Rage rN++ MR-}
   (Okawaru gifted it to you on level 4 of the Abyss)

   It protects the one who uses it against injury (+AC on strike).
   It greatly protects you from negative energy.
   It affects your resistance to hostile enchantments.
   It lets you go berserk.
 I - the +4 staff of Dispater
   (You took it off Dispater in the Iron City of Dis)

   The Shining One disapproves of the use of such an item.
 J - the +5 flail of Murea {crush, rC++ MP+9 Stlth+}
   (You found it in the Pits of Slime)

   It inflicts extra damage upon your enemies.
   It greatly protects you from cold.
   It affects your magic capacity (+9).
   It makes you more stealthy.
 M - the +10 great sword of Gallantry {elec, *Rage rN+ Dex+4}
   (You took it off a green draconian in the Realm of Zot)

   Occasionally, upon striking a foe, it will discharge some electrical energy
   and cause terrible harm.
   It affects your dexterity (+4).
   It protects you from negative energy.
   It may make you go berserk in combat.
 X - the +11 lance "Wyrmbane" {slay drac, rPois rF+ rC+ AC+3}
   (You found it in the Pits of Slime)

   It affects your AC (+3).
   It protects you from fire.
   It protects you from cold.
   It protects you from poison.
 Y - the +3 battleaxe of Circularity {drain, -Tele *Drain rF+++ rC+++}
   (Okawaru gifted it to you in the Swamp)

   A truly terrible weapon, it drains the life of those it strikes.
   It renders you almost immune to fire.
   It renders you almost immune to cold.
   It prevents most forms of teleportation.
   It causes draining when unequipped.
   The Shining One disapproves of the use of such an item.
Missiles
 d - 81 stones (quivered)
 k - 2 javelins of returning
Armour
 h - the +11 chain mail "Pougi" {*Contam rF- rCorr Str+9}
   (Okawaru gifted it to you on level 2 of the Abyss)

   It affects your strength (+9).
   It makes you vulnerable to fire.
   It causes magical contamination when unequipped.
   It provides partial protection from all sources of acid and corrosion.
 q - the +8 plate armour of the Present {rN++ rCorr Dex+2}
   (You found it in the Realm of Zot)

   It affects your dexterity (+2).
   It greatly protects you from negative energy.
   It provides partial protection from all sources of acid and corrosion.
 E - +11 gold dragon scales (worn)
 G - the +0 pair of boots of Least Resistance (worn) {rPois rCorr Int+7}
   (You found it in the Tomb of the Ancients)

   It affects your intelligence (+7).
   It protects you from poison.
   It provides partial protection from all sources of acid and corrosion.
 P - a scarf of resistance (worn)
 U - the +0 pair of gloves "Bepn" (worn) {MR++ Str+5 Int-5}
   (Okawaru gifted it to you in the Orcish Mines)

   It affects your strength (+5).
   It affects your intelligence (-5).
   It affects your resistance to hostile enchantments.
 V - the +6 large shield of Henotheism (worn) {rC+}
   (Okawaru gifted it to you in the Elven Halls)

   It protects you from cold.
 Z - the +1 chain mail of Okawaru's Scorn {rPois MR- rCorr Str+4}
   (Okawaru gifted it to you on level 3 of the Abyss)

   It affects your strength (+4).
   It protects you from poison.
   It affects your resistance to hostile enchantments.
   It provides partial protection from all sources of acid and corrosion.
Jewellery
 e - the ring of Xafuu {Wiz *Slow +Fly rC+++ Stlth-}
   (You found it in gehenna)

   [ring of wizardry]

   It improves your spell success rate.
   It renders you almost immune to cold.
   It lets you fly.
   It may slow you when you take damage.
   It makes you less stealthy.
 n - the amulet of Loysuryi {Gourm rElec rPois Int-5 Stlth+}
   (You took it off a purple draconian in the Realm of Zot)

   [amulet of the gourmand]

   It allows you to eat raw meat even when not hungry.
   It affects your intelligence (-5).
   It insulates you from electricity.
   It protects you from poison.
   It makes you more stealthy.
 p - the ring "Lolula" {rF+ MR+ Int+2 Dex+2}
   (You acquired it in cocytus)

   [ring of protection from magic]

   It affects your intelligence (+2).
   It affects your dexterity (+2).
   It protects you from fire.
   It affects your resistance to hostile enchantments.
 A - the ring "Jacluut" {Ice rElec Str+4}
   (You took it off a skeletal warrior in cocytus)

   [ring of ice]

   It enhances your ice magic.
   It affects your strength (+4).
   It makes you vulnerable to fire.
   It protects you from cold.
   It insulates you from electricity.
 B - the ring of Hotzof {rC+ Str+3 Int+6}
   (You found it in the Iron City of Dis)

   [ring of strength]

   It affects your strength (+3).
   It affects your intelligence (+6).
   It protects you from cold.
 F - the ring "Jaysas" (right hand) {+Blink rN+ MR+ Int+5}
   (You found it in the Elven Halls)

   [ring of intelligence]

   It affects your intelligence (+5).
   It protects you from negative energy.
   It affects your resistance to hostile enchantments.
   It lets you blink.
 K - the ring "Nuuc" {*Drain +Fly Int+6 SInv Stlth-}
   (You took it off a deep elf demonologist in the Elven Halls)

   [ring of attention]

   It affects your intelligence (+6).
   It lets you see invisible.
   It lets you fly.
   It causes draining when unequipped.
   It makes you less stealthy.
 L - the ring of Vaedacai {+Blink +Fly AC+2 Int+4 Dex-2}
   (You acquired it in the Snake Pit)

   [ring of protection]

   It affects your AC (+2).
   It affects your intelligence (+4).
   It affects your dexterity (-2).
   It lets you fly.
   It lets you blink.
 N - the ring of Royalty (left hand) {rPois rF+ Int+3 SInv Stlth-}
   (You took it off a wight in cocytus)

   [ring of see invisible]

   It affects your intelligence (+3).
   It protects you from fire.
   It protects you from poison.
   It lets you see invisible.
   It makes you less stealthy.
 S - an amulet of regeneration (around neck)
 W - the ring of Disseupn {rPois MP+9 Slay+4 Stlth+}
   (You found it in tartarus)

   [ring of magical power]

   It affects your accuracy and damage with ranged weapons and melee attacks
   (+4).
   It protects you from poison.
   It affects your magic capacity (+9).
   It makes you more stealthy.
Wands
 O - a wand of digging (3)
 T - a wand of scattershot (7)
Scrolls
 l - 23 scrolls of remove curse
 r - 4 scrolls of identify
 s - 5 scrolls of blinking
 z - 3 scrolls of magic mapping
 Q - 15 scrolls of teleportation
Potions
 t - 2 potions of resistance
 u - 10 potions of curing
 D - 4 potions of cancellation
 R - 4 potions of haste
Miscellaneous
 i - the horn of Geryon
 H - a figurine of a ziggurat
Comestibles
 f - 41 rations


   Skills:
 O Level 27 Fighting
 O Level 27 Axes
 O Level 27 Maces & Flails
 + Level 21.8(27) Polearms
 - Level 9.0(23.5) Staves
 * Level 22.0(27) Slings
   Level 20.4 Crossbows
 O Level 27 Throwing
 O Level 27 Armour
 O Level 27 Dodging
 O Level 27 Shields
 + Level 25.2 Unarmed Combat
 O Level 27 Spellcasting
 - Level 9.3 Conjurations
 - Level 19.9 Charms
 - Level 9.4 Summonings
 - Level 21.3 Translocations
 - Level 21.4 Air Magic
 O Level 27 Invocations


You had 62 spell levels left.
You knew the following spells:

 Your Spells              Type           Power        Failure   Level  Hunger
a - Apportation           Tloc           ######       0%          1    None
b - Swiftness             Chrm/Air       ######..     0%          2    None
c - Deflect Missiles      Chrm/Air       ######....   1%          6    ###....
d - Summon Lightning Spi  Summ/Air       ######..     1%          4    None
e - Lightning Bolt        Conj/Air       ######....   1%          5    None

Your spell library contained the following spells:

 Spells                   Type           Power        Failure   Level  Hunger
 Infusion                 Chrm           ####         0%          1    None
 Shock                    Conj/Air       ####         0%          1    None
 Song of Slaying          Chrm           ######..     0%          2    None
 Gell's Gravitas          Tloc           ######....   0%          3    None
 Lesser Beckoning         Tloc           ######....   0%          3    None
 Airstrike                Air            ######....   0%          4    None
 Flame Tongue             Conj/Fire      #####        1%          1    None
 Magic Dart               Conj           ####         1%          1    None
 Summon Butterflies       Summ           ######..     1%          1    None
 Summon Small Mammal      Summ           ####         1%          1    None
 Call Imp                 Summ           ######..     1%          2    None
 Searing Ray              Conj           ######       1%          2    None
 Throw Flame              Conj/Fire      #####.       1%          2    None
 Throw Frost              Conj/Ice       #####.       1%          2    None
 Call Canine Familiar     Summ           ######..     1%          3    None
 Ozocubu's Armour         Chrm/Ice       ######..     1%          3    None
 Portal Projectile        Hex/Tloc       ######       1%          3    None
 Recall                   Summ/Tloc      N/A          1%          3    None
 Regeneration             Chrm/Necr      ######....   1%          3    None
 Spectral Weapon          Hex/Chrm       ######..     1%          3    None
 Static Discharge         Conj/Air       ######..     1%          3    None
 Force Lance              Conj/Tloc      ######..     1%          4    None
 Iskenderun's Mystic Bla  Conj           ######..     1%          4    None
 Iskenderun's Battlesphe  Conj/Chrm      ######..     1%          5    None
 Silence                  Hex/Air        ######....   1%          5    None
 Summon Forest            Summ/Tloc      ######....   1%          5    None
 Conjure Ball Lightning   Conj/Air       ######....   1%          6    ###....
 Dispersal                Tloc           ######....   1%          6    ###....
 Conjure Flame            Conj/Fire      #####...     2%          3    None
 Dazzling Spray           Conj/Hex       #####.       2%          3    None
 Stone Arrow              Conj/Erth      #####.       2%          3    None
 Aura of Abjuration       Summ           ######....   3%          5    None
 Summon Demon             Summ           ######....   3%          5    None
 Animate Skeleton         Necr           N/A          6%          1    None
 Confusing Touch          Hex            ###...       6%          1    None
 Corona                   Hex            ###....      6%          1    None
 Freeze                   Ice            ###.         6%          1    None
 Pain                     Necr           ###.         6%          1    None
 Sandblast                Erth           ###...       6%          1    None
 Controlled Blink         Tloc           N/A          6%          8    ######.
 Disjunction              Tloc           ######....   6%          8    ######.
 Corpse Rot               Necr           N/A          9%          2    None
 Ensorcelled Hibernation  Hex/Ice        ###...       9%          2    None
 Passwall                 Tmut/Erth      ###.....     9%          2    None
 Sublimation of Blood     Necr           ###.......   9%          2    None
 Fulminant Prism          Conj/Hex       #####.....   9%          4    None
 Sticky Flame             Conj/Fire      #####...     9%          4    None
 Summon Ice Beast         Ice/Summ       #####...     9%          4    None
 Throw Icicle             Conj/Ice       #####...     9%          4    None
 Malign Gateway           Summ/Tloc      ######....   10%         7    #####..
 Freezing Cloud           Conj/Ice/Air   ######....   14%         6    ###....
 Confuse                  Hex            ###.....     19%         3    None
 Ignite Poison            Fire/Tmut/Pois ###.....     19%         3    None
 Inner Flame              Hex/Fire       ###.....     19%         3    None
 Tukima's Dance           Hex            ###.....     19%         3    None
 Shadow Creatures         Summ           N/A          19%         6    ###....
 Fireball                 Conj/Fire      #####.....   24%         5    None
 Irradiate                Conj/Tmut      #####.....   24%         5    None
 Summon Mana Viper        Hex/Summ       #####...     24%         5    None
 Bolt of Magma            Conj/Fire/Erth ####......   43%         5    None
 Animate Dead             Necr           N/A          52%         4    None
 Cause Fear               Hex            ###.......   52%         4    None
 Ice Form                 Ice/Tmut       ###.....     52%         4    None
 Leda's Liquefaction      Hex/Erth       ###.......   52%         4    None
 Petrify                  Tmut/Erth      ###.....     52%         4    None
 Chain Lightning          Conj/Air       ######....   58%         8    ######.
 Tornado                  Air            ######....   67%         9    #######
 Summon Hydra             Summ           ######....   71%         7    #####..
 Bolt of Cold             Conj/Ice       #####.....   80%         6    ###....
 Bolt of Fire             Conj/Fire      #####.....   80%         6    ###....
 Iron Shot                Conj/Erth      #####.....   80%         6    ###....
 Poison Arrow             Conj/Pois      #####.....   80%         6    ###....
 Alistair's Intoxication  Tmut/Pois      ###.....     86%         5    None
 Borgnjor's Vile Clutch   Necr/Erth      ###.......   86%         5    None
 Lee's Rapid Deconstruct  Erth           ###.......   86%         5    None
 Metabolic Englaciation   Hex/Ice        ###.......   86%         5    None
 Yara's Violent Unravell  Hex/Tmut       ###.......   86%         5    None
 Darkness                 Hex            ###.......   100%        6    ###....
 Death Channel            Necr           ###.......   100%        6    ###....
 Hydra Form               Tmut           ###.......   100%        6    ###....
 Invisibility             Hex            ###.....     100%        6    ###....
 Ozocubu's Refrigeration  Ice            ###.......   100%        6    ###....
 Simulacrum               Ice/Necr       ###.......   100%        6    ###....
 Statue Form              Tmut/Erth      ###......    100%        6    ###....
 Dragon Form              Tmut           ###.......   100%        7    #####..
 Haunt                    Necr/Summ      #####.....   100%        7    #####..
 Borgnjor's Revivificati  Necr           ###.......   100%        8    ######.
 Death's Door             Chrm/Necr      ######....   100%        8    ######.
 Discord                  Hex            ###.......   100%        8    ######.
 Infestation              Necr           ###.......   100%        8    ######.
 Lehudib's Crystal Spear  Conj/Erth      #####.....   100%        8    ######.
 Necromutation            Tmut/Necr      ###.......   100%        8    ######.
 Dragon's Call            Summ           ######....   100%        9    #######
 Fire Storm               Conj/Fire      #####.....   100%        9    #######
 Glaciate                 Conj/Ice       #####.....   100%        9    #######
 Shatter                  Erth           ###.......   100%        9    #######


Dungeon Overview and Level Annotations

Branches:
Dungeon (3/3)              Temple (1/1) D:1           Swamp (1/1) D:3
  Snake (1/1) D:3           Slime (1/1) D:3             Orc (1/1) D:2
    Elf (1/1) Orc          Vaults (1/1) D:2            Tomb (1/1) Vaults
 Depths (1/1) D:3            Hell (1/1)                 Dis (1/1) Hell
    Geh (1/1) Hell            Coc (1/1) Hell            Tar (1/1) Hell
    Zot (1/1) Depths

Altars:
Cheibriados
Dithmenos
Elyvilon
Fedhas
Kikubaaqudgha
Makhleb
Nemelex Xobeh
Okawaru
Qazlal
Ru
Sif Muna
Trog
Uskayaw
Vehumet
Xom
Yredelemnul
Zin
The Shining One
Beogh
Jiyva

Shops:
Orc [!}**   Elf [   Snake }=}   Vaults !?%   Depths ?

Portals:
Hell:
Depths
Abyss:
Depths
Pandemonium: Orc Depths


Innate Abilities, Weirdness & Mutations

You reflexively headbutt those who attack you in melee.
You have a pair of horns on your head.
You have sharp fingernails.
You possess an exceptional clarity of mind.
You are frail. (-10% HP)
Your magical capacity is very low. (-20% MP)
You occasionally shout uncontrollably at your foes.
Your muscles are very strong. (Str +4)


Message History

You kill the tormentor!
The Shining One accepts your kill.
HP restored.
A blizzard demon comes into view.
There is an open door here.
You slash the blizzard demon!
The blizzard demon convulses.
You headbutt the blizzard demon!
The blizzard demon is moderately wounded.
You cut the plant into ribbons!!! You slice the blizzard demon!!
The blizzard demon convulses.
You headbutt the blizzard demon!
The blizzard demon is almost dead.
You slash the plant!
You block the blizzard demon's attack. x2
You slash the blizzard demon!
The blizzard demon convulses!
You kill the blizzard demon!
The Shining One accepts your kill.
Your base Slings skill increases to level 22!
You hit the plant.
There is a staircase leading out of the dungeon here.
You have escaped!

....#.# #.....)####.#+##.##...
....#.###########......#.##.##...
....#.##.................##.#####
....#.......###8'8###............
....#>.....##≈≈≈.≈≈≈##..###.#.###
...#####..##≈≈≈.P.≈≈≈##.###.....#
#### #.##≈≈P..8..P≈≈##.........
#.#≈≈≈.......≈≈≈#.####....
#.#≈P.8..@..8.P≈#.####....
#.#≈≈≈.......≈≈≈#......#'#
#.##≈≈P..8..P≈≈##..###.#.#
#..##≈≈≈.P.≈≈≈##...###.#.# ###
#...##≈≈≈≈≈≈≈##...#..#.#.#
..######....#########....#..#.#..
.........................#..#.###
..........##########.#.#....#.#
...)......# ##.#.....##.#


There were no monsters in sight!

Vanquished Creatures
  Cerebov (Pan)
  Asmodeus (Geh)
  Antaeus (Coc)
  the Royal Jelly (Slime)
  Ereshkigal (Tar)
  Gloorx Vloq (Pan)
  the Serpent of Hell (Coc)
  Lom Lobon (Pan)
  Mnoleg (Pan)
  6 ancient liches
  7 orbs of fire (Zot)
  Dispater (Dis)
  2 pandemonium lords
  7 greater mummies
  6 shard shrikes (Coc)
  the Lernaean hydra (Swamp)
  Geryon (Hell)
  2 golden dragons (Depths)
  2 Killer Klowns (Zot)
  2 profane servitors (Abyss:1)
  17 bone dragons
  2 electric golems (Zot)
  3 doom hounds (Tar)
  12 Brimstone Fiends
  14 Tzitzimimeh
  A hellephant (Abyss:4)
  13 Ice Fiends
  8 liches
  25 Orb Guardians (Zot)
  5 deep elf master archers
  9 tentacled monstrosities
  4 quicksilver dragons (Dis)
  16 titans
  6 Hell Sentinels
  11 deep elf blademasters
  20 Executioners
  4 sphinxes (Vaults)
  5 ancient champions
  29 tentacled starspawn
  18 acid blobs
  2 death cobs (Zot)
  An eldritch tentacle (Dis)
  8 shadow dragons
  4 tengu reavers (Vaults)
  2 storm dragons (Pan)
  A revenant (Tomb)
  2 daevas
  2 draconian monks
  8 nagarajas (Snake)
  9 azure jellies
  14 fire giants
  18 frost giants
  10 deep elf sorcerers
  18 balrugs
  3 draconian scorchers
  12 cacodemons
  2 warmongers (Pan)
  4 vault wardens (Vaults)
  2 curse skulls (Pan)
  3 deep elf elementalists (Elf)
  3 draconian annihilators (Pan)
  A draconian shifter (Depths)
  2 draconian stormcallers
  An elemental wellspring (Coc)
  11 war gargoyles
  31 reapers
  6 ironheart preservers (Vaults)
  14 stone giants
  2 blood saints (Pan)
  21 very ugly things
  3 entropy weavers (Vaults)
  4 green draconians
  6 deep elf demonologists (Elf)
  A vampire knight (Dis)
  15 deep elf annihilators
  3 white draconians
  2 red draconians
  5 black draconians
  3 purple draconians
  7 bennus
  4 lorocyprocas
  6 yellow draconians
  5 ettins
  21 blizzard demons
  4 green deaths
  2 fire dragons (Depths)
  8 deep elf death magi
  7 mummy priests
  6 deep elf high priests (Elf)
  2 merfolk impalers
  7 death oozes (Slime)
  2 jiangshi (Abyss:4)
  A kraken zombie (Coc)
  8 ogre magi
  8 yaktaur captains
  28 vault guards
  18 ice dragons
  11 hydras
  6 great orbs of eyes
  A spriggan air mage (Depths)
  4 rakshasas
  A quicksilver dragon skeleton (Pan)
  3 anacondas (Snake)
  3 centaur warriors (D:3)
  A death knight (Abyss:3)
  A shambling mangrove (Swamp)
  9 two-headed ogres
  6 naga warriors
  A vampire mage (Abyss:4)
  3 alligators (Swamp)
  8 dancing weapons
  19 hell hogs
  3 deep troll earth magi (Depths)
  2 deep troll shamans (Depths)
  3 naga sharpshooters (Snake)
  6 death scarabs
  A shock serpent (shapeshifter) (Abyss:4)
  A spriggan (Depths)
  20 thrashing horrors
  8 orc high priests (Orc)
  19 hell knights
  6 shock serpents
  25 soul eaters
  4 spriggan berserkers
  2 titan zombies (Coc)
  19 wretched stars
  24 skeletal warriors
  27 small abominations
  13 deep elf knights
  2 iron golems (Hell)
  An iron troll (Depths)
  29 shadow wraiths
  12 sun demons
  A titan skeleton (Coc)
  3 storm dragon zombies
  A death drake (Abyss:3)
  2 salamander mystics (Snake)
  9 deep trolls
  6 unseen horrors
  6 flayed ghosts
  2 anaconda zombies (Hell)
  4 glowing orange brains
  8 sixfirhies
  14 spatial maelstroms
  A death drake (shapeshifter) (Abyss:3)
  2 golden dragon zombies
  An unseen horror (shapeshifter) (D:3)
  2 infernal demonspawn (Pan)
  4 naga ritualists (Snake)
  16 deep elf archers
  5 shadow demons
  A storm dragon skeleton (Tar)
  4 golden dragon skeletons
  2 torturous demonspawn
  7 wizards
  5 phantasmal warriors
  69 starcursed masses
  2 gelid demonspawn (Orc)
  6 necromancers
  6 orc knights
  A harpy (shapeshifter) (Abyss:3)
  4 anaconda skeletons
  12 swamp dragons (Swamp)
  7 ironbrand convokers
  A stone giant zombie (Coc)
  5 cyclopes
  An iron dragon zombie (Geh)
  9 mana vipers
  6 orc sorcerers
  7 worldbinders
  A faun (shapeshifter) (Vaults)
  4 shining eyes
  9 ugly things
  2 salamanders
  2 wolf spiders (Vaults)
  44 deep elf magi
  An elephant (shapeshifter) (D:3)
  2 fire giant zombies
  3 moths of wrath (Zot)
  A manticore (D:2)
  A shadow dragon skeleton (Geh)
  A frost giant skeleton (Geh)
  2 dire elephant zombies
  7 black mambas (Snake)
  A fire giant skeleton (Coc)
  9 naga magi (Snake)
  7 apocalypse crabs
  6 titan simulacra (Coc)
  2 stone giant skeletons
  20 rust devils
  12 molten gargoyles (Geh)
  5 guardian serpents
  An eye of devastation (Slime)
  37 smoke demons
  2 spiny frogs (Swamp)
  7 orange demons
  8 storm dragon simulacra (Coc)
  62 large abominations
  8 vault sentinels (Vaults)
  A centaur skeleton (D:2)
  A gargoyle (D:3)
  7 hellions
  3 dire elephant skeletons
  A shock serpent skeleton (Pan)
  A komodo dragon (D:3)
  29 hellwings
  5 efreet
  4 demonic crawlers
  12 guardian mummies
  3 anaconda simulacra (Coc)
  12 yaktaurs
  30 ice devils
  17 red devils
  12 tormentors
  13 freezing wraiths
  16 ancient zymes
  A silent spectre (Abyss:4)
  A meliai (shapeshifter) (Vaults)
  A meliai (D:3)
  A merfolk (shapeshifter) (D:3)
  5 hornets
  2 tyrant leeches (Swamp)
  10 slime creatures
  4 hydra zombies
  5 ice dragon zombies
  7 bog bodies
  A wind drake (shapeshifter) (Abyss:4)
  47 raiju
  12 blink frogs
  5 hydra skeletons
  A slime creature (shapeshifter) (Pan)
  5 ettin zombies
  A stone giant simulacrum (Abyss:2)
  4 ettin skeletons
  3 air elementals
  2 alligator skeletons (Coc)
  15 shadows
  A tarantella (shapeshifter) (Abyss:3)
  26 flying skulls
  A vampire (Abyss:3)
  18 ynoxinuls
  9 wraiths
  3 water elementals
  16 humans
  A basilisk (shapeshifter) (D:3)
  2 fire dragon skeletons
  11 fire elementals
  14 ushabtiu
  19 chaos spawn
  32 neqoxecs
  A black mamba skeleton (Pan)
  12 golden eyes
  A wyvern (D:3)
  3 hungry ghosts
  A harpy simulacrum (Coc)
  4 wargs (Depths)
  33 nagas
  A vampire mosquito (D:3)
  A swamp worm (shapeshifter) (Abyss:2)
  An insubstantial wisp (Abyss:3)
  3 spiny frog zombies
  A floating eye (Pan)
  17 spatial vortices
  3 hydra simulacra (Coc)
  6 swamp worms
  47 hell hounds
  2 acid dragons (D:3)
  8 swamp drakes (Swamp)
  20 orc warriors
  A spiny frog skeleton (Hell)
  2 necrophages
  A phantom (Temple)
  4 eyes of draining
  6 ice beasts (Coc)
  2 swamp dragon zombies (Coc)
  6 boggarts
  A snapping turtle skeleton (Geh)
  5 ogres
  2 centaurs (D:2)
  A swamp dragon skeleton (Geh)
  3 crocodiles
  A gnoll sergeant (D:1)
  A spiny frog simulacrum (Coc)
  3 earth elementals
  A snapping turtle simulacrum (Abyss:4)
  36 wights
  A howler monkey (D:1)
  A crimson imp (Geh)
  A jelly (D:1)
  3 hounds
  9 orc wizards
  15 orc priests (Orc)
  A bullfrog skeleton (D:2)
  3 iron imps (Dis)
  A worker ant (D:1)
  4 lightning spires (Abyss:3)
  A tengu zombie (Dis)
  A hound skeleton (D:1)
  12 mummies
  Robin (D:2)
  6 gnolls (D:1)
  3 shadow imps
  8 white imps (Coc)
  2 adder zombies (D:1)
  A leopard gecko (D:1)
  38 orcs
  4 goblins (D:2)
  3 hobgoblins (D:2)
  2 jackals (D:1)
  2 quokkas (D:1)
  An orc simulacrum (Coc)
  5 crawling corpses (Elf)
  A fire vortex (Pan)
  2 lurking horrors (Abyss:3)
  29 starspawn tentacles
  3 tentacles (Coc)
2342 creatures vanquished.

Vanquished Creatures (collateral kills)
  A Brimstone Fiend (Geh)
  An iron giant (Dis)
  3 cacodemons (Pan)
  A very ugly thing (Pan)
  A bennu (Tomb)
  An eidolon (Tar)
  A great orb of eyes (Pan)
  A sixfirhy (Pan)
  2 ugly things (Pan)
  A starcursed mass (Abyss:4)
  3 large abominations
  2 orange demons (Pan)
  A tormentor (Dis)
  A guardian mummy (Tomb)
  2 red devils (Geh)
  A shadow (Geh)
  2 golden eyes (Pan)
  3 neqoxecs
  2 chaos spawn (Pan)
  A hell hound (Tar)
31 creatures vanquished.

Vanquished Creatures (others)
  2 eldritch tentacles
  A fire giant (Depths)
  A balrug (Pan)
  An elemental wellspring (Coc)
  A dancing weapon (Dis)
  A deep elf knight (Abyss:2)
  A moth of wrath (Zot)
  A naga mage (Snake)
  A smoke demon (Pan)
  A large abomination (Abyss:3)
  An ice devil (Coc)
  A red devil (Pan)
  A harpy skeleton (Coc)
  A raiju (Abyss:4)
  A flying skull (Tomb)
  5 golden eyes (Abyss:1)
  An ice beast (Coc)
  A snapping turtle skeleton (Geh)
  A manticore skeleton (Geh)
  A wight (Tar)
  A small abomination (Abyss:3)
  A naga skeleton (Coc)
  A crawling corpse (Elf)
  A fire vortex (Pan)
  3 lurking horrors
  60 starspawn tentacles
  5 tentacles (Coc)
97 creatures vanquished.

Grand Total: 2470 creatures vanquished

Notes
Turn   | Place    | Note
-------+----------+-------------------------------------------
     0 | D:1      | Illumine the Minotaur Fighter began the quest for the Orb.
     0 | D:1      | Reached XP level 1. HP: 19/19 MP: 0/0
    12 | D:1      | Reached XP level 2. HP: 22/27 MP: 1/1
    12 | D:1      | Reached XP level 3. HP: 27/33 MP: 2/2
    28 | D:1      | Reached XP level 4. HP: 35/41 MP: 3/3
   127 | D:1      | Found a staircase to the Ecumenical Temple.
   178 | D:1      | Noticed a phantom
   180 | Temple   | Entered the Ecumenical Temple
   245 | Temple   | Became a worshipper of Warmaster Okawaru
   309 | D:1      | Reached XP level 5. HP: 43/47 MP: 4/4
   310 | D:1      | Reached skill level 5 in Axes
   310 | D:1      | Reached XP level 6. HP: 51/55 MP: 5/5
   313 | D:1      | Reached skill level 5 in Shields
   434 | D:1      | Reached * piety under Okawaru
   434 | D:1      | Reached skill level 5 in Fighting
   434 | D:1      | Reached skill level 5 in Armour
   434 | D:1      | Reached skill level 1 in Dodging
   440 | D:1      | Reached XP level 7. HP: 59/61 MP: 6/6
   445 | D:1      | Reached skill level 1 in Invocations
   501 | D:1      | Reached XP level 8. HP: 53/70 MP: 8/8
   515 | D:1      | Reached ** piety under Okawaru
   973 | D:2      | Reached *** piety under Okawaru
   973 | D:2      | Reached XP level 9. HP: 75/78 MP: 10/10
  1058 | D:2      | Reached **** piety under Okawaru
  1071 | D:2      | Reached skill level 5 in Dodging
  1077 | D:2      | Reached ***** piety under Okawaru
  1077 | D:2      | Reached skill level 10 in Axes
  1077 | D:2      | Reached XP level 10. HP: 58/88 MP: 12/12
  1257 | D:2      | Noticed a necromancer
  1285 | D:2      | Reached skill level 5 in Invocations
  1374 | D:1      | Received a gift from Okawaru
  1375 | D:1      | Got an ancient ring mail {god gift}
  1386 | D:1      | Identified the +0 ring mail of Orytsyne {rF+ rN+ Str-3}
                  | (Okawaru gifted it to you on level 1 of the Dungeon)
  1490 | D:1      | Killed a necromancer
  1490 | D:1      | Reached XP level 11. HP: 51/97 MP: 11/14
  1674 | D:2      | Reached ****** piety under Okawaru
  1715 | D:2      | Received a gift from Okawaru
  1716 | D:2      | Got a warped chain mail {god gift}
  1727 | D:2      | Identified the +1 chain mail of Ekhlod {rF+ MR++} (Okawaru
                  | gifted it to you on level 2 of the Dungeon)
  1757 | D:2      | Noticed a purple ugly thing
  1773 | D:2      | Killed a purple ugly thing
  1848 | D:2      | Reached skill level 10 in Fighting
  1848 | D:2      | Reached XP level 12. HP: 49/106 MP: 14/16
  2006 | D:2      | Reached skill level 10 in Armour
  2006 | D:2      | Reached skill level 10 in Shields
  2234 | D:2      | Received a gift from Okawaru
  2239 | D:2      | Got a brightly glowing war axe {god gift}
  2240 | D:2      | Identified the +7 war axe "Etzuig" {protect, rF+ Dex+2}
                  | (Okawaru gifted it to you on level 2 of the Dungeon)
  2321 | D:2      | Found a gate to the Vaults.
  2321 | D:2      | Noticed a vault guard
  2321 | D:2      | Noticed a vault guard
  2321 | D:2      | Noticed a vault guard
  2331 | D:2      | Reached XP level 13. HP: 103/116 MP: 15/18
  2337 | D:2      | Received a gift from Okawaru
  2356 | D:2      | Reached skill level 15 in Axes
  2359 | D:2      | Got a heavily runed buckler {god gift}
  2370 | D:2      | Identified the +3 buckler "Toag Wapeatu" {rPois rCorr}
                  | (Okawaru gifted it to you on level 2 of the Dungeon)
  2771 | D:2      | Received a gift from Okawaru
  2771 | D:2      | Reached skill level 10 in Dodging
  2771 | D:2      | Reached XP level 14. HP: 126/126 MP: 13/19
  2990 | D:2      | Noticed Robin
  2999 | D:2      | Killed Robin
  3098 | D:2      | Found a staircase to the Orcish Mines.
  3293 | D:3      | Entered Level 3 of the Dungeon
  3413 | D:3      | Received a gift from Okawaru
  3719 | D:3      | Reached skill level 10 in Invocations
  3846 | D:3      | Reached XP level 15. HP: 44/135 MP: 21/21
  4188 | D:3      | Received a gift from Okawaru
  4407 | D:3      | Found a staircase to the Depths.
  4425 | D:3      | Received a gift from Okawaru
  4599 | D:3      | Noticed a sphinx
  4674 | D:3      | Reached skill level 1 in Throwing
  4758 | D:3      | Found a staircase to the Snake Pit.
  4775 | D:3      | Reached XP level 16. HP: 143/146 MP: 23/23
  4793 | D:3      | Received a gift from Okawaru
  4872 | D:3      | Found a runed door.
  4872 | D:3      | Found a viscous altar of Jiyva.
  4872 | D:3      | Found a staircase to the Slime Pits.
  5085 | Orc      | Entered the Orcish Mines
  5144 | Orc      | Found Ywkiddus's Mass Market.
  5160 | Orc      | Found a staircase to the Elven Halls.
  5170 | Orc      | Found a roughly hewn altar of Beogh.
  5402 | Orc      | Found Zantelust's General Store.
  5425 | Orc      | Found Syih's Distillery.
  5667 | Orc      | HP: 3/147 [sixfirhy (9)]
  5675 | Orc      | Found a burning altar of Makhleb.
  6100 | Orc      | Received a gift from Okawaru
  6234 | Orc      | Received a gift from Okawaru
  6236 | Orc      | Reached skill level 15 in Fighting
  6239 | Orc      | Got a pair of pitted gloves {god gift}
  6252 | Orc      | Reached skill level 5 in Throwing
  6257 | Orc      | Reached skill level 15 in Shields
  6268 | Orc      | Reached skill level 15 in Armour
  6298 | Orc      | Reached XP level 17. HP: 78/156 MP: 21/24
  6309 | Orc      | Identified the +0 pair of gloves "Bepn" {MR++ Str+5 Int-5}
                  | (Okawaru gifted it to you in the Orcish Mines)
  6309 | Orc      | Lost intelligence.
  6805 | Orc      | Received a gift from Okawaru
  6840 | Orc      | Received a gift from Okawaru
  6841 | Orc      | Found Pidd's Antique Armour Emporium.
  6841 | Orc      | Found Vauppaon's Gadget Shoppe.
  6841 | Orc      | Found a one-way gate leading to the halls of Pandemonium.
  6864 | Orc      | Bought a pair of glowing gloves for 165 gold pieces
  7383 | D:3      | Received a gift from Okawaru
  7514 | D:3      | Received a gift from Okawaru
  7522 | D:3      | Found a staircase to the Swamp.
  7535 | Swamp    | Entered the Swamp
  7626 | Swamp    | Reached XP level 18. HP: 164/166 MP: 25/25
  7652 | Swamp    | Received a gift from Okawaru
  7854 | Swamp    | Reached skill level 1 in Maces & Flails
  7874 | Swamp    | Noticed the 27-headed Lernaean hydra
  7903 | Swamp    | Killed the 27-headed Lernaean hydra
  7903 | Swamp    | Received a gift from Okawaru
  7903 | Swamp    | Reached skill level 15 in Dodging
  7917 | Swamp    | Reached skill level 5 in Maces & Flails
  7920 | Swamp    | Received a gift from Okawaru
  7920 | Swamp    | Reached XP level 19. HP: 104/177 MP: 21/26
  7963 | Swamp    | Reached skill level 10 in Throwing
  7969 | Swamp    | Received a gift from Okawaru
  7988 | Swamp    | Received a gift from Okawaru
  7989 | Swamp    | Got a brightly glowing battleaxe {god gift}
  7991 | Swamp    | Identified the +3 battleaxe of Circularity {drain, -Tele
                  | *Drain rF+++ rC+++} (Okawaru gifted it to you in the Swamp)
  8244 | Swamp    | Received a gift from Okawaru
  8275 | Swamp    | Got a decaying rune of Zot
  8516 | Snake    | Entered the Snake Pit
  8709 | Snake    | Identified a scroll of acquirement
  8714 | Snake    | Got a pitted iron ring
  8716 | Snake    | Identified the ring of Vaedacai {+Blink +Fly AC+2 Int+4
                  | Dex-2} (You acquired it in the Snake Pit)
  9042 | Snake    | Found Kewk's Gadget Shoppe.
  9043 | Snake    | Found Uruw's Jewellery Shop.
  9048 | Snake    | Found Jodaango's Gadget Shoppe.
  9150 | Snake    | Reached XP level 20. HP: 87/187 MP: 25/27
  9385 | Snake    | Received a gift from Okawaru
  9400 | Snake    | Received a gift from Okawaru
  9628 | Snake    | Reached skill level 10 in Maces & Flails
  9660 | Snake    | Received a gift from Okawaru
  9660 | Snake    | Reached XP level 21. HP: 23/195 MP: 28/28
  9678 | Snake    | Received a gift from Okawaru
 10735 | Snake    | Got a serpentine rune of Zot
 11228 | Elf      | Entered the Elven Halls
 11234 | Elf      | Received a gift from Okawaru
 11250 | Elf      | Found Jaukeih's Armour Shoppe.
 11345 | Elf      | Received a gift from Okawaru
 11376 | Elf      | Reached XP level 22. HP: 132/206 MP: 27/29
 11376 | Elf      | Received a gift from Okawaru
 11393 | Elf      | Got a shimmering hat {god gift}
 11399 | Elf      | Identified the +1 hat "Roziosyt" {Int+3} (Okawaru gifted it
                  | to you in the Elven Halls)
 11891 | Elf      | Got a faintly glowing shield
 12174 | Elf      | Received a gift from Okawaru
 12191 | Elf      | Received a gift from Okawaru
 12192 | Elf      | Found the +8 mithril axe "Arga" {speed, MR+}
 12431 | Elf      | Reached XP level 23. HP: 147/215 MP: 30/30
 12595 | Elf      | Received a gift from Okawaru
 12690 | Elf      | Received a gift from Okawaru
 12691 | Elf      | Got a heavily runed golden ring
 12733 | Elf      | Received a gift from Okawaru
 12751 | Elf      | Gained mutation: Your muscles are strong. (Str +2) [a
                  | neqoxec]
 13215 | Elf      | Identified the ring "Nuuc" {*Drain +Fly Int+6 SInv Stlth-}
 13271 | Elf      | Reached XP level 24. HP: 192/226 MP: 30/30
 13296 | Elf      | Received a gift from Okawaru
 13297 | Elf      | Got an encrusted war axe {god gift}
 13298 | Elf      | Identified the ring "Jaysas" {+Blink rN+ MR+ Int+5} (You
                  | found it in the Elven Halls)
 13454 | Elf      | Reached skill level 15 in Maces & Flails
 13468 | Elf      | Reached skill level 15 in Throwing
 13496 | Elf      | Received a gift from Okawaru
 13789 | Elf      | Got a pitted large shield {god gift}
 13860 | Elf      | Reached XP level 25. HP: 217/236 MP: 30/30
 13950 | Elf      | Found the +8 longbow "Zephyr" {speed, Dex+3 SInv}
 13953 | Elf      | Identified Azoskul's Grimoire of Feathery Companions
 14049 | Elf      | Got a pair of polished gloves
 14163 | Elf      | Received a gift from Okawaru
 14368 | Vaults   | Entered the Vaults
 14500 | D:2      | Received a gift from Okawaru
 14502 | D:2      | Received a gift from Okawaru
 14585 | D:2      | Received a gift from Okawaru
 14608 | D:2      | Identified the +2 shield "Sizaremel" {-Cast MP+9 Dex+8
                  | SInv} (You found it in the Elven Halls)
 14620 | D:2      | Identified the +2 pair of gloves of Divine Intervention
                  | {rElec MR++ rCorr Slay-5} (You found it in the Elven Halls)
 14640 | D:2      | Identified the +6 large shield of Henotheism {rC+} (Okawaru
                  | gifted it to you in the Elven Halls)
 14720 | Vaults   | Reached XP level 26. HP: 230/248 MP: 30/30
 14826 | Vaults   | Received a gift from Okawaru
 14967 | Vaults   | Identified Sif Muna's Guide on Augmentations
 15072 | Vaults   | Received a gift from Okawaru
 15185 | Vaults   | Reached XP level 27. HP: 260/260 MP: 30/30
 15196 | Vaults   | Received a gift from Okawaru
 15208 | Vaults   | Found Gebuh's Distillery.
 15213 | Vaults   | Bought a potion of cancellation for 128 gold pieces
 15217 | Vaults   | Found Wouquc's Magic Scroll Emporium.
 15276 | Vaults   | Found Laemophy's Food Shoppe.
 15277 | Vaults   | Got a silver rune of Zot
 15537 | Vaults   | Received a gift from Okawaru
 15550 | Vaults   | Received a gift from Okawaru
 15599 | Vaults   | Received a gift from Okawaru
 15829 | Vaults   | Identified the +1 war axe "Totz" {drain, Int+4 Dex+5}
                  | (Okawaru gifted it to you in the Elven Halls)
 16182 | Vaults   | Found a staircase to the Tomb.
 16302 | Vaults   | Received a gift from Okawaru
 16302 | Vaults   | Received a gift from Okawaru
 16456 | Vaults   | Identified the Volume of Calling
 16648 | Depths   | Entered the Depths
 16762 | Depths   | Received a gift from Okawaru
 16776 | Depths   | Found a one-way gate to the infinite horrors of the Abyss.
 16905 | Depths   | Found a gateway to Hell.
 16929 | Depths   | Received a gift from Okawaru
 16958 | Depths   | Found Nyxawk's Magic Scroll Shop.
 17006 | Depths   | Reached skill level 27 in Fighting
 17141 | Depths   | Reached skill level 27 in Armour
 17187 | Depths   | Found a gate to the Realm of Zot.
 17201 | Depths   | Received a gift from Okawaru
 17227 | Depths   | Received a gift from Okawaru
 18141 | Depths   | Voluntarily entered the Abyss.
 18307 | Abyss:1  | Received a gift from Okawaru
 18561 | Abyss:2  | Reached skill level 27 in Dodging
 18697 | Abyss:3  | Found a blossoming altar of Fedhas.
 18974 | Abyss:3  | Received a gift from Okawaru
 19129 | Abyss:3  | Gained mutation: You tend to lose your temper in combat. [a
                  | neqoxec]
 19217 | Abyss:3  | Paralysed by accursed screaming for 2 turns
 19289 | Abyss:3  | Received a gift from Okawaru
 19300 | Abyss:3  | Got a spiked chain mail {god gift}
 19440 | Abyss:3  | Paralysed by you for 3 turns
 19584 | Abyss:4  | Received a gift from Okawaru
 19588 | Abyss:4  | Got a slimy flail {god gift}
 19712 | Abyss:4  | Paralysed by accursed screaming for 1 turns
 19731 | Abyss:4  | Received a gift from Okawaru
 19753 | Abyss:4  | Received a gift from Okawaru
 19757 | Abyss:4  | Received a gift from Okawaru
 19759 | Abyss:4  | Got a crystal battleaxe {god gift}
 19872 | Abyss:4  | Received a gift from Okawaru
 19932 | Abyss:4  | Reached skill level 15 in Invocations
 20070 | Abyss:4  | Reached skill level 27 in Shields
 20189 | Abyss:4  | Received a gift from Okawaru
 20224 | Abyss:4  | Found a corrupted altar of Lugonu.
 20234 | Abyss:4  | Received a gift from Okawaru
 20496 | Abyss:4  | Received a gift from Okawaru
 20561 | Abyss:5  | Entered Level 5 of the Abyss
 20561 | Abyss:5  | Found a hazy altar of Hepliaklqana.
 20662 | Depths   | Escaped the Abyss
 20699 | Depths   | Lost mutation: You tend to lose your temper in combat.
                  | [potion of mutation]
 20699 | Depths   | Lost mutation: Your muscles are strong. (Str +2) [potion of
                  | mutation]
 20699 | Depths   | Gained mutation: You are frail. (-10% HP) [potion of
                  | mutation]
 20699 | Depths   | Lost mutation: You are frail. (-10% HP) [potion of
                  | mutation]
 20699 | Depths   | Gained mutation: You are frail. (-10% HP) [potion of
                  | mutation]
 20699 | Depths   | Gained mutation: You have a pair of large horns on your
                  | head. [potion of mutation]
 20700 | Depths   | Identified the +7 flail "Tocedghev" {protect, +Rage rN++
                  | MR-} (Okawaru gifted it to you on level 4 of the Abyss)
 20706 | Depths   | Identified the +7 battleaxe of the Orcish Mines {holy,
                  | rPois Str-3 Stlth+} (Okawaru gifted it to you on level 4 of
                  | the Abyss)
 20733 | Depths   | Identified the +1 chain mail of Okawaru's Scorn {rPois MR-
                  | rCorr Str+4} (Okawaru gifted it to you on level 3 of the
                  | Abyss)
 20772 | Depths   | Voluntarily entered the Abyss.
 20794 | Abyss:1  | Received a gift from Okawaru
 20804 | Abyss:1  | Gained mutation: Your spells are a little easier to cast,
                  | but a little less powerful. [a cacodemon]
 20811 | Abyss:1  | Gained mutation: Your spells are easier to cast, but less
                  | powerful. [a cacodemon]
 20813 | Abyss:1  | Gained mutation: You are weak. (Str -2) [a cacodemon]
 20876 | Abyss:2  | Received a gift from Okawaru
 20877 | Abyss:2  | Got a jewelled chain mail {god gift}
 21000 | Abyss:3  | Received a gift from Okawaru
 21120 | Abyss:3  | Got a slimy hand crossbow
 21267 | Abyss:3  | Received a gift from Okawaru
 21284 | Abyss:3  | Found a corrupted altar of Lugonu.
 21465 | Abyss:3  | Paralysed by you for 4 turns
 21480 | Abyss:3  | Found a corrupted altar of Lugonu.
 21623 | Abyss:3  | Reached skill level 27 in Axes
 21655 | Abyss:3  | Received a gift from Okawaru
 21692 | Abyss:3  | Received a gift from Okawaru
 21761 | Abyss:3  | Got an abyssal rune of Zot
 21780 | Depths   | Escaped the Abyss
 22112 | Slime    | Entered the Pits of Slime
 22140 | Slime    | Noticed the Royal Jelly
 22149 | Slime    | Received a gift from Okawaru
 22174 | Slime    | HP: 5/245 [acid[the Royal Jelly] (12)]
 22702 | D:3      | Received a gift from Okawaru
 22837 | Slime    | Killed the Royal Jelly
 22837 | Slime    | Received a gift from Okawaru
 23024 | Slime    | Found the +0 mask of the Dragon {MR+ Slay+3 SInv}
 23032 | Slime    | Identified the Catalogue of Evil and Earth
 23045 | Slime    | Got a bound bronze ring
 23047 | Slime    | Identified the ring "Hoebusoo" {*Contam +Blink Dex+7
                  | Stlth+} (You found it in the Pits of Slime)
 23094 | Slime    | Got a scorched flail
 23105 | Slime    | Found the +8 lance "Wyrmbane" {slay drac, rPois rF+ rC+
                  | AC+3}
 23114 | Slime    | Got a slimy rune of Zot
 23160 | Slime    | Got a pitted lajatang
 23380 | Temple   | Fell from the grace of Okawaru
 23380 | Temple   | Became a worshipper of the Shining One
 23660 | Depths   | Voluntarily entered the Abyss.
 23667 | Abyss:1  | Reached * piety under the Shining One
 23689 | Abyss:1  | Reached ** piety under the Shining One
 23704 | Abyss:1  | Reached skill level 27 in Maces & Flails
 23718 | Abyss:1  | Reached *** piety under the Shining One
 23761 | Abyss:2  | Found a corrupted altar of Lugonu.
 23789 | Abyss:2  | Reached skill level 1 in Spellcasting
 23830 | Abyss:2  | Reached **** piety under the Shining One
 23879 | Abyss:2  | Gained mutation: Scrolls take you a little longer to read.
                  | [a cacodemon]
 23882 | Abyss:2  | Gained mutation: Your spells are much easier to cast, but
                  | much less powerful. [a cacodemon]
 23884 | Abyss:2  | Reached ***** piety under the Shining One
 23889 | Abyss:2  | Found a corrupted altar of Lugonu.
 23946 | Abyss:2  | Identified the +11 chain mail "Pougi" {*Contam rF- rCorr
                  | Str+9} (Okawaru gifted it to you on level 2 of the Abyss)
 23950 | Abyss:2  | Identified the +5 flail of Murea {crush, rC++ MP+9 Stlth+}
                  | (You found it in the Pits of Slime)
 24113 | Abyss:2  | Reached ****** piety under the Shining One
 24238 | Depths   | Escaped the Abyss
 24816 | Depths   | Voluntarily entered the Abyss.
 24865 | Abyss:1  | Reached skill level 5 in Spellcasting
 24894 | Abyss:1  | Noticed an ancient lich
 24897 | Abyss:1  | Killed an ancient lich
 25363 | Depths   | Escaped the Abyss
 25713 | Hell     | Entered the Vestibule of Hell
 25713 | Hell     | Noticed Geryon
 25748 | Hell     | Killed Geryon
 25841 | Hell     | Reached skill level 10 in Spellcasting
 25874 | Hell     | Reached skill level 27 in Throwing
 26056 | Vaults   | Got a polished broad axe
 26057 | Vaults   | Identified the +11 broad axe of Past Mistakes {venom,
                  | +Blink rC+ Str+2} (You found it in the Vaults)
 26297 | Elf      | Identified a +9 broad axe of holy wrath (a +9 broad axe of
                  | venom blessed by the Shining One)
 26297 | Elf      | Received a gift from the Shining One
 26619 | Hell     | Found a gateway to the freezing wastes of Cocytus.
 26700 | Hell     | Found a gateway to the Iron City of Dis.
 26776 | Hell     | Found a gateway to the ashen valley of Gehenna.
 26872 | Hell     | Found a gateway to the decaying netherworld of Tartarus.
 26994 | Coc      | Entered Cocytus
 26994 | Coc      | Found a gateway to Hell.
 27198 | Coc      | Noticed the Serpent of Hell
 27208 | Coc      | Reached skill level 27 in Invocations
 27217 | Coc      | Killed the Serpent of Hell
 27217 | Coc      | Reached skill level 15 in Spellcasting
 27245 | Coc      | Identified the ring of Royalty {rPois rF+ Int+3 SInv
                  | Stlth-}
 27273 | Coc      | Gained mutation: Scrolls take you longer to read.
                  | [mutagenic glow]
 27305 | Coc      | Gained mutation: Armour fits poorly on your strangely
                  | shaped body. [mutagenic glow]
 27342 | Coc      | Gained mutation: Your magical capacity is low. (-10% MP)
                  | [mutagenic glow]
 27378 | Coc      | Identified the ring "Jacluut" {Ice rElec Str+4}
 27440 | Coc      | Got a crude jade ring
 27500 | Coc      | Noticed Antaeus
 27534 | Coc      | Killed Antaeus
 27545 | Coc      | Got an icy rune of Zot
 27907 | Coc      | Identified the cursed ring "Jeuqeg" {EV-5 Int+8}
 27956 | Coc      | Learned a level 1 spell: Apportation
 27959 | Coc      | Learned a level 2 spell: Swiftness
 27996 | Coc      | Reached skill level 1 in Charms
 27996 | Coc      | Reached skill level 1 in Translocations
 27996 | Coc      | Reached skill level 1 in Air Magic
 28108 | Tar      | Entered Tartarus
 28108 | Tar      | Found a gateway to Hell.
 28187 | Tar      | Reached skill level 5 in Translocations
 28187 | Tar      | Reached skill level 5 in Air Magic
 28189 | Tar      | Reached skill level 5 in Charms
 28242 | Tar      | Was forgiven by Okawaru
 28831 | Tar      | Reached skill level 10 in Translocations
 28831 | Tar      | Reached skill level 10 in Air Magic
 28915 | Tar      | Identified the Collected Works on the Oath
 28923 | Tar      | Got a wavering jade ring
 28929 | Tar      | Identified the Compendium of the Earthen Entourage
 28990 | Tar      | Identified the Guide on the Frostbite
 29113 | Tar      | Reached skill level 10 in Charms
 29469 | Tar      | Noticed Ereshkigal
 29494 | Tar      | Killed Ereshkigal
 29505 | Tar      | Got a bone rune of Zot
 29681 | Hell     | Identified the ring "Lolula" {rF+ MR+ Int+2 Dex+2} (You
                  | acquired it in cocytus)
 29683 | Geh      | Entered Gehenna
 29683 | Geh      | Found a gateway to Hell.
 30375 | Geh      | Got a crude golden ring
 30425 | Geh      | Identified the +7 sceptre of Asmodeus
 30425 | Geh      | Noticed Asmodeus
 30425 | Geh      | Identified the +1 leather armour of the Hunter {rElec Int-4
                  | Slay+2}
 30439 | Geh      | Killed Asmodeus
 30439 | Geh      | Reached skill level 15 in Translocations
 30439 | Geh      | Reached skill level 15 in Air Magic
 30481 | Geh      | Got an obsidian rune of Zot
 30500 | Geh      | Got spiked acid dragon scales
 30801 | Dis      | Entered the Iron City of Dis
 30801 | Dis      | Found a gateway to Hell.
 30959 | Dis      | Reached skill level 1 in Unarmed Combat
 30970 | Dis      | Reached skill level 1 in Crossbows
 31056 | Dis      | Reached skill level 5 in Crossbows
 31056 | Dis      | Reached skill level 5 in Unarmed Combat
 31056 | Dis      | Reached skill level 15 in Charms
 31088 | Dis      | Gained mutation: You are very weak. (Str -4) [a cacodemon]
 31108 | Dis      | Got a glittering bone ring
 31343 | Dis      | Reached skill level 10 in Unarmed Combat
 31421 | Dis      | Reached skill level 10 in Crossbows
 31504 | Dis      | Identified the +4 staff of Dispater
 31504 | Dis      | Noticed Dispater
 31523 | Dis      | Killed Dispater
 31541 | Dis      | Got an iron rune of Zot
 32130 | Pan      | Entered the realm of Mnoleg.
 32130 | Pan      | Entered Pandemonium
 32295 | Pan      | Identified the ring of Xafuu {Wiz *Slow +Fly rC+++ Stlth-}
                  | (You found it in gehenna)
 32389 | Pan      | Gained mutation: You occasionally shout uncontrollably at
                  | your foes. [a neqoxec]
 32401 | Pan      | Gained mutation: You tend to lose your temper in combat. [a
                  | neqoxec]
 32407 | Pan      | Noticed Mnoleg
 32421 | Pan      | Killed Mnoleg
 32442 | Pan      | Paralysed by a floating eye for 4 turns
 32449 | Pan      | Gained mutation: Your magical capacity is very low. (-20%
                  | MP) [a cacodemon]
 32595 | Pan      | Identified the ring of Hotzof {rC+ Str+3 Int+6} (You found
                  | it in the Iron City of Dis)
 32714 | Pan      | Learned a level 6 spell: Deflect Missiles
 32719 | Pan      | Learned a level 4 spell: Summon Lightning Spire
 32725 | Pan      | Learned a level 5 spell: Lightning Bolt
 32833 | Pan      | Got a glowing rune of Zot
 33119 | Pan      | Entered the realm of Gloorx Vloq.
 33244 | Pan      | Identified the ring of Disseupn {rPois MP+9 Slay+4 Stlth+}
                  | (You found it in tartarus)
 33332 | Pan      | Reached skill level 15 in Crossbows
 33341 | Pan      | Reached skill level 15 in Unarmed Combat
 33535 | Pan      | Noticed Gloorx Vloq
 33543 | Pan      | The Shining One protects you from harm!
 33545 | Pan      | HP: 10/245 [Executioner[Gloorx Vloq] (7)]
 33550 | Pan      | Killed Gloorx Vloq
 33761 | Pan      | Identified the +1 acid dragon scales of Pride {rN+ rCorr
                  | Str-3 Int+3} (You found it in gehenna)
 33772 | Pan      | Got a dark rune of Zot
 33831 | Pan      | Identified the cursed +2 hand crossbow of Magnificence
                  | {venom, *Contam MR++ Int+4 SInv} (You found it on level 3
                  | of the Abyss)
 33956 | Pan      | Entered the realm of Cerebov.
 34103 | Pan      | Identified the +6 sword of Cerebov {flame}
 34103 | Pan      | Noticed Cerebov
 34125 | Pan      | Killed Cerebov
 34168 | Pan      | Got a fiery rune of Zot
 34248 | Pan      | Entered the realm of Lom Lobon.
 34330 | Pan      | Reached skill level 1 in Polearms
 34349 | Pan      | Found an exit through the horrors of the Abyss.
 34404 | Pan      | Identified the +3 lajatang "Ezaukkie" {flame, rF+ rC++
                  | Int+2} (You found it in the Pits of Slime)
 34484 | Pan      | Lost mutation: You tend to lose your temper in combat.
                  | [potion of mutation]
 34484 | Pan      | Lost mutation: Armour fits poorly on your strangely shaped
                  | body. [potion of mutation]
 34484 | Pan      | Lost mutation: You are very weak. (Str -4) [potion of
                  | mutation]
 34484 | Pan      | Lost mutation: You have a pair of large horns on your head.
                  | [potion of mutation]
 34484 | Pan      | Lost mutation: Your spells are much easier to cast, but
                  | much less powerful. [potion of mutation]
 34484 | Pan      | Gained mutation: You have a pair of large horns on your
                  | head. [potion of mutation]
 34484 | Pan      | Gained mutation: You possess an exceptional clarity of
                  | mind. [potion of mutation]
 34485 | Pan      | Lost mutation: You are weak. (Str -2) [potion of mutation]
 34485 | Pan      | Lost mutation: Your spells are easier to cast, but less
                  | powerful. [potion of mutation]
 34485 | Pan      | Lost mutation: Scrolls take you longer to read. [potion of
                  | mutation]
 34485 | Pan      | Lost mutation: Your spells are a little easier to cast, but
                  | a little less powerful. [potion of mutation]
 34485 | Pan      | Lost mutation: Scrolls take you a little longer to read.
                  | [potion of mutation]
 34485 | Pan      | Gained mutation: Your muscles are strong. (Str +2) [potion
                  | of mutation]
 34810 | Pan      | Reached skill level 5 in Polearms
 34970 | Pan      | Noticed Lom Lobon
 35017 | Pan      | Killed Lom Lobon
 35037 | Pan      | Got a magical rune of Zot
 35224 | Pan      | Noticed Byef the pandemonium lord
 35235 | Pan      | Killed Byef the pandemonium lord
 35248 | Pan      | Reached skill level 1 in Summonings
 35256 | Pan      | Reached skill level 1 in Conjurations
 35405 | Pan      | Reached skill level 27 in Spellcasting
 35429 | Pan      | Got a demonic rune of Zot
 35449 | Orc      | Escaped Pandemonium
 35647 | Tomb     | Entered the Tomb of the Ancients
 35689 | Tomb     | Reached skill level 10 in Polearms
 35716 | Tomb     | Noticed an ancient lich
 35728 | Tomb     | Killed an ancient lich
 35760 | Tomb     | Noticed a greater mummy
 35822 | Tomb     | Noticed a greater mummy
 35823 | Tomb     | Noticed a greater mummy
 35830 | Tomb     | Killed a greater mummy
 35830 | Tomb     | Reached skill level 5 in Summonings
 36177 | Vaults   | Killed a greater mummy
 36177 | Vaults   | Reached skill level 5 in Conjurations
 36487 | Tomb     | Noticed a greater mummy
 36519 | Tomb     | Noticed a greater mummy
 36836 | Vaults   | Killed a greater mummy
 36870 | Vaults   | Killed a greater mummy
 37106 | Tomb     | Reached skill level 1 in Staves
 37113 | Vaults   | Killed a greater mummy
 37372 | Tomb     | Identified the +3 plate armour "Yjaawida" {*Drain +Fly
                  | Int+2 Stlth+} (You found it in the Tomb of the Ancients)
 37375 | Tomb     | Identified the +6 scythe of the Hall of Blades {slice,
                  | Stlth+} (You found it in the Tomb of the Ancients)
 37420 | Tomb     | Identified the +10 hunting sling of the Nine Ghosts {speed,
                  | Str+4} (You found it in the Tomb of the Ancients)
 37432 | Tomb     | Identified the +0 pair of boots of Least Resistance {rPois
                  | rCorr Int+7} (You found it in the Tomb of the Ancients)
 37443 | Tomb     | Noticed a greater mummy
 37444 | Tomb     | Reached skill level 1 in Slings
 37453 | Tomb     | Killed a greater mummy
 37601 | Tomb     | Noticed a greater mummy
 37611 | Tomb     | Killed a greater mummy
 37611 | Tomb     | Reached skill level 5 in Staves
 37935 | Tomb     | Got a golden rune of Zot
 38133 | Zot      | Entered the Realm of Zot
 38149 | Zot      | Identified the +1 pair of boots "Cyxko" {rPois MR- rCorr
                  | Int+6} (You acquired it in the Realm of Zot)
 38402 | Zot      | Reached skill level 5 in Slings
 38661 | Zot      | Noticed an orb of fire
 38674 | Zot      | Killed an orb of fire
 38674 | Zot      | Reached skill level 15 in Polearms
 38819 | Zot      | Noticed an orb of fire
 38845 | Zot      | Gained mutation: You are somewhat resistant to further
                  | mutation. [an orb of fire]
 38848 | Zot      | Killed an orb of fire
 38924 | Zot      | Noticed an orb of fire
 38941 | Zot      | Killed an orb of fire
 38978 | Zot      | Noticed an ancient lich
 38982 | Zot      | Killed an ancient lich
 38982 | Zot      | Reached skill level 10 in Slings
 39034 | Zot      | Identified the +10 great sword of Gallantry {elec, *Rage
                  | rN+ Dex+4}
 39089 | Zot      | Noticed an orb of fire
 39118 | Zot      | Gained mutation: You sometimes yell uncontrollably at your
                  | foes. [an orb of fire]
 39121 | Zot      | Killed an orb of fire
 39134 | Zot      | Noticed an orb of fire
 39150 | Zot      | Noticed an orb of fire
 39159 | Zot      | Killed an orb of fire
 39181 | Zot      | Killed an orb of fire
 39181 | Zot      | Reached skill level 15 in Slings
 39343 | Zot      | Noticed an ancient lich
 39354 | Zot      | Killed an ancient lich
 39376 | Zot      | Identified the +8 plate armour of the Present {rN++ rCorr
                  | Dex+2} (You found it in the Realm of Zot)
 39378 | Zot      | Noticed an orb of fire
 39401 | Zot      | Killed an orb of fire
 39541 | Zot      | Identified the amulet of Loysuryi {Gourm rElec rPois Int-5
                  | Stlth+}
 39556 | Zot      | Lost mutation: You are somewhat resistant to further
                  | mutation. [potion of mutation]
 39556 | Zot      | Lost mutation: You have a pair of large horns on your head.
                  | [potion of mutation]
 39556 | Zot      | Gained mutation: Your muscles are very strong. (Str +4)
                  | [potion of mutation]
 39556 | Zot      | Lost mutation: You sometimes yell uncontrollably at your
                  | foes. [potion of mutation]
 39556 | Zot      | Gained mutation: You have sharp fingernails. [potion of
                  | mutation]
 39621 | Zot      | Got the Orb of Zot
 39712 | Zot      | Noticed an ancient lich
 39714 | Zot      | Noticed an ancient lich
 39728 | Zot      | Killed an ancient lich
 39738 | Zot      | Killed an ancient lich
 39741 | Zot      | Noticed Wiellit the pandemonium lord
 39747 | Zot      | Killed Wiellit the pandemonium lord
 39893 | D:$      | Escaped with the Orb!

Skill      XL: |  1  2  3  4  5  6  7  8  9 10 11 12 13 14 15 16 17 18 19 20 21 22 23 24 25 26 27 |
---------------+----------------------------------------------------------------------------------+-----
Fighting       | 4 5 6 7 9 10 11 12 13 14 15 16 17 18 19 20 21 22 23 27 | 27.0
Axes           | 3 4 5 6 8 10 11 12 14 15 16 27 | 27.0
Armour         | 4 5 6 7 9 10 11 12 14 15 16 17 18 19 20 21 22 23 27 | 27.0
Shields        | 4 5 6 7 9 10 11 12 14 15 16 17 18 19 20 21 22 23 27 | 27.0
Dodging        | 1 2 4 5 6 7 8 10 11 12 13 14 15 16 17 18 19 20 21 27 | 27.0
Invocations    | 1 3 4 6 8 9 10 11 27 | 27.0
Throwing       | 1 5 8 9 10 11 12 13 14 15 16 27 | 27.0
Maces & Flails | 5 8 10 12 13 14 15 16 27 | 27.0
Spellcasting   | 27 | 27.0
Charms         | 19 | 19.9
Translocations | 21 | 21.3
Air Magic      | 21 | 21.4
Unarmed Combat | 25 | 25.2
Crossbows      | 20 | 20.4
Polearms       | 21 | 21.8
Summonings     | 9 |  9.4
Conjurations   | 9 |  9.3
Staves         | 9 |  9.0
Slings         | 22 | 22.0

Action                   |  1- 3 |  4- 6 |  7- 9 | 10-12 | 13-15 | 16-18 | 19-21 | 22-24 | 25-27 || total
-------------------------+-------+-------+-------+-------+-------+-------+-------+-------+-------++-------
Melee: War axe           |     9 |    30 |    90 |   137 |   213 |   402 |   308 |    47 |  1031 ||  2267
       Headbutt          |     3 |     4 |    26 |    27 |    64 |   124 |   125 |    45 |  1471 ||  1889
       Morningstar       |       |       |       |       |    14 |       |       |       |       ||    14
       Demon whip        |       |       |       |       |       |    25 |    68 |       |       ||    93
       Broad axe         |       |       |       |       |       |       |       |   131 |  3392 ||  3523
       Lance             |       |       |       |       |       |       |       |       |    17 ||    17
 Fire: Hunting sling     |       |       |       |       |       |       |       |       |   151 ||   151
Throw: Tomahawk          |       |       |       |       |       |    30 |       |       |    59 ||    89
       Javelin           |       |       |       |       |       |       |       |   191 |   326 ||   517
       Stone             |       |       |       |       |       |       |       |       |     1 ||     1
 Cast: Lightning Bolt    |       |       |       |       |       |       |       |       |     7 ||     7
       Summon Lightning  |       |       |       |       |       |       |       |       |     7 ||     7
Invok: Heroism           |       |       |     1 |     3 |     2 |     7 |     4 |     5 |    12 ||    34
       Finesse           |       |       |       |       |     2 |     3 |     1 |     2 |     3 ||    11
       Cleansing Flame   |       |       |       |       |       |       |       |       |    26 ||    26
       Divine Shield     |       |       |       |       |       |       |       |       |    17 ||    17
       Summon Divine War |       |       |       |       |       |       |       |       |    15 ||    15
       Brand Weapon With |       |       |       |       |       |       |       |       |     1 ||     1
Evoke: Wand              |       |       |       |       |       |       |       |       |     2 ||     2
  Use: Scroll            |       |       |     2 |     1 |     4 |     9 |     9 |     6 |    57 ||    88
       Potion            |       |       |       |       |       |     3 |       |       |    27 ||    30
 Stab: Invisible         |       |       |       |       |       |       |       |       |    13 ||    13
       Distracted        |       |       |       |       |       |       |       |       |     5 ||     5
       Paralysed         |       |       |       |       |       |       |       |       |     2 ||     2
  Eat: Chunk             |       |       |       |     4 |     5 |     2 |       |     1 |    13 ||    25
       Ration            |       |       |       |       |     1 |     4 |     3 |     2 |    25 ||    35
Armor: Scale mail        |     3 |       |       |       |       |       |       |       |       ||     3
       Chain mail        |       |    14 |    36 |    54 |    59 |   134 |    89 |    45 |    92 ||   523
       Gold dragon scale |       |       |       |       |       |       |       |       |   783 ||   783
Dodge: Dodged            |     3 |     9 |    21 |    33 |    85 |   204 |   195 |    67 |  1221 ||  1838
Block: Shield            |     2 |    20 |    39 |    77 |    11 |       |       |       |       ||   149
       Buckler           |       |       |       |       |    63 |   170 |   141 |    72 |    41 ||   487
       Large shield      |       |       |       |       |       |       |       |       |  4615 ||  4615
